 Dungeon Crawl Stone Soup version 0.21-a0-443-gaba41f5 (webtiles) character file.

8892 Madydog the Stickfighter (level 11, -8/99 HPs)
             Began as a Minotaur Berserker on Nov 17, 2017.
             Was a High Priest of Trog.
             Mangled by a cyclops (25 damage)
             ... on level 9 of the Dungeon.
             The game lasted 00:33:21 (8509 turns).

Madydog the Stickfighter (Minotaur Berserker)       Turns: 8509, Time: 00:33:22

Health: -8/99      AC: 18    Str: 28    XL:     11   Next: 15%
Magic:  10/10      EV:  9    Int:  4    God:    Trog [*****.]
Gold:   448        SH:  0    Dex:  9    Spells: 10/10 levels left

rFire    + . .     SeeInvis .   o - +5 quarterstaff (chaos)
rCold    x . .     Gourm    .   (shield currently unavailable)
rNeg     . . .     Faith    .   m - +0 plate armour
rPois    .         Spirit   .   (helmet restricted)
rElec    +         Reflect  .   (no cloak)
rCorr    .         Harm     .   (no gloves)
MR       .....     NoTele   +   N - +0 pair of boots
Stlth    ..........             g - amulet "Cigego" {RegenMP -Tele rElec Str+2}
HPRegen  0.26/turn              h - +4 ring of protection
MPRegen  0.37/turn              E - ring of fire

@: confused, drained
A: retaliatory headbutt, horns 2
a: Berserk, Trog's Hand, Brothers in Arms, Burn Spellbooks, Renounce Religion


You were on level 9 of the Dungeon.
You worshipped Trog.
Trog was extremely pleased with you.
You were not hungry.

You visited 1 branch of the dungeon, and saw 9 of its levels.
You also visited: Sewer and Ossuary.

You collected 573 gold pieces.
You spent 125 gold pieces at shops.

Inventory:

Hand Weapons
 o - a +5 quarterstaff of chaos (weapon)
 S - a +2 falchion
Armour
 m - a +0 plate armour (worn)
 t - a +0 chain mail
 N - a +0 pair of boots (worn)
Jewellery
 b - an uncursed ring of stealth {unknown}
 g - the amulet "Cigego" (around neck) {RegenMP -Tele rElec Str+2}
   (You bought it in a shop on level 9 of the Dungeon)

   [amulet of magic regeneration]

   It increases your magic regeneration.
   It affects your strength (+2).
   It insulates you from electricity.
   It prevents most forms of teleportation.
 h - a +4 ring of protection (left hand)
 E - a ring of fire (right hand)
Wands
 p - a wand of digging (2/24)
Scrolls
 d - 5 scrolls of teleportation
 e - 2 scrolls of identify
 f - 10 scrolls of remove curse
 j - 3 scrolls of amnesia
 w - a scroll of noise
 y - 4 scrolls of random uselessness
 G - a scroll of blinking
 I - a scroll of recharging
 P - a scroll of vulnerability
 Q - a scroll of enchant armour
Potions
 a - a potion of haste {unknown}
 i - 5 potions of degeneration
 k - 3 potions of agility
 l - 3 potions of might
 q - 8 potions of flight
 r - 13 potions of curing
 x - 5 potions of mutation
 A - 3 potions of lignification
 B - a potion of ambrosia
 C - 2 potions of cancellation
Comestibles
 c - 4 bread rations
 n - 2 meat rations
 F - 3 fruits


   Skills:
 + Level 9.7(8.8) Fighting
   Level 2.0(2.4) Short Blades
 - Level 4.2(3.7) Long Blades
 * Level 15.2(14.1) Staves
 + Level 7.8(6.9) Armour
 + Level 4.9(4.1) Dodging
 + Level 0.2(0.0) Evocations


You had 10 spell levels left.
You didn't know any spells.

Dungeon Overview and Level Annotations

Branches:
Dungeon (9/15)             Temple (0/1) D:5            Lair (0/6) D:9
    Orc (0/2) D:9

Altars:
Dithmenos
Elyvilon
Zin

Shops:
D:4 **:[   D:7 [   D:9 *


Innate Abilities, Weirdness & Mutations

You reflexively headbutt those who attack you in melee.
You have a pair of horns on your head.


Message History

* * * LOW HITPOINT WARNING * * *
You sock the wight! Lightning courses through the wight!
You destroy the wight!
Trog accepts your kill.
The cyclops throws a large rock.
The large rock closely misses you.
Things that are here:
a halberd; a robe The cyclops throws a large rock.
The large rock barely misses you.
You eat one of the 5 bread rations.
That bread ration really hit the spot!
You feel better.
You are confused.
You feel invigorated.
You bump into the stone wall.
You sock the cyclops! You freeze the cyclops. Your headbutt misses the cyclops.
The cyclops is moderately wounded.
The cyclops hits you!!
* * * LOW HITPOINT WARNING * * *
You are too injured to fight recklessly!
You bump into the rock wall.
The cyclops hits you!!
You die...

#..#.$.$.$.$#.........(.
#..#$.$))$$.#...........
#..#Z.!)[$.$)((....(....
#..#..?=:!$.#(#.........
#..#..!?((.$#C#.........
#..#u...$...#.#.........
#..#J$.$...>#.#.########
#..##########.#.#.......
#..(..)@C.....#.#.......
#.######..>...#.#.......
#........######.#.......
########........#.......
####.....#.......
#.....#.......
#...........##
#..........^..
########.......###...


You could see a cyclops.

Vanquished Creatures
  2 centaur warriors (D:9)
  2 two-headed ogres (D:8)
  An oklob plant (D:7)
  Joseph (D:8)
  A gargoyle (D:9)
  A slime creature (D:9)
  2 hippogriffs
  A spriggan (D:8)
  A wraith (D:8)
  A yak (D:9)
  A steam dragon (D:9)
  5 orc warriors
  2 ice beasts
  A sky beast (D:9)
  A black bear (D:7)
  An ogre (D:4)
  A phantom (D:8)
  3 centaurs
  4 big kobolds
  A wyvern zombie (D:9)
  2 bullfrogs
  A wyvern skeleton (D:9)
  2 scorpions
  4 killer bees (D:8)
  5 wights (D:9)
  A vampire bat (D:3)
  5 howler monkeys
  4 crimson imps
  A bullfrog zombie (D:5)
  A centaur zombie (Ossuary)
  2 bullfrog skeletons
  2 hounds (D:8)
  2 jellies
  5 orc priests
  Crazy Yiuf (D:2)
  9 orc wizards
  A centaur skeleton (D:4)
  2 iguanas
  3 worker ants
  Natasha (thrice) (D:2)
  3 big kobold zombies (Ossuary)
  A hound zombie (D:7)
  2 hound skeletons
  2 mummies (Ossuary)
  A howler monkey zombie (D:7)
  3 gnolls (D:4)
  7 adders
  3 river rats
  A shadow imp (D:6)
  An ooze (D:1)
  3 worms
  A dart slug (D:3)
  5 leopard geckos
  28 orcs
  2 ball pythons
  13 bats
  7 giant cockroaches
  2 goblins (D:1)
  5 hobgoblins
  12 jackals
  5 quokkas
  3 frilled lizards
  3 hobgoblin zombies (Ossuary)
  A jackal skeleton (D:4)
  22 kobolds
  A kobold zombie (Ossuary)
  2 leopard gecko skeletons
  2 quokka skeletons
  A quokka zombie (D:9)
  8 rats
239 creatures vanquished.

Vanquished Creatures (others)
  An ugly thing (D:9)
  A sky beast (D:9)
2 creatures vanquished.

Grand Total: 241 creatures vanquished

Notes
Turn   | Place    | Note
-------+----------+-------------------------------------------
     0 | D:1      | Madydog the Minotaur Berserker began the quest for the Orb.
     0 | D:1      | Reached XP level 1. HP: 19/19 MP: 0/0
   385 | D:1      | Reached XP level 2. HP: 25/27 MP: 1/1
   743 | D:1      | Reached XP level 3. HP: 27/33 MP: 2/2
   745 | D:1      | Reached ** piety under Trog
   882 | D:2      | Found a white marble altar of Elyvilon.
  1033 | D:2      | Noticed Natasha
  1041 | D:2      | Killed Natasha
  1041 | D:2      | Reached skill level 1 in Short Blades
  1041 | D:2      | Reached XP level 4. HP: 41/41 MP: 3/3
  1397 | D:2      | Found a runed door.
  1401 | D:2      | Noticed Crazy Yiuf
  1405 | D:2      | Killed Crazy Yiuf
  1477 | D:2      | Noticed Natasha
  1480 | D:2      | Killed Natasha
  1480 | D:2      | Reached skill level 5 in Fighting
  1480 | D:2      | Reached XP level 5. HP: 27/48 MP: 4/4
  1646 | D:2      | Noticed Natasha
  1653 | D:2      | Killed Natasha
  1653 | D:2      | Reached skill level 1 in Staves
  2327 | D:3      | Reached *** piety under Trog
  2327 | D:3      | Reached skill level 2 in Staves
  2329 | D:3      | Reached XP level 6. HP: 49/57 MP: 5/5
  2472 | D:3      | Reached skill level 3 in Staves
  2853 | D:4      | Reached skill level 4 in Staves
  2884 | D:4      | Reached XP level 7. HP: 47/63 MP: 6/6
  2946 | D:4      | Found a sand-covered staircase.
  2951 | Ossuary  | Entered an ossuary
  3123 | Ossuary  | Reached skill level 5 in Staves
  3335 | D:4      | Found a glowing drain.
  3343 | Sewer    | Entered a sewer
  3401 | Sewer    | Reached **** piety under Trog
  3419 | Sewer    | Reached skill level 6 in Staves
  3460 | Sewer    | Found a white marble altar of Elyvilon.
  3591 | D:4      | Found Jiple's Book Shoppe.
  3595 | D:4      | Found Tiacwyilie's Antique Armour Shoppe.
  3599 | D:4      | Found Bihaoni's Assorted Antiques.
  3603 | D:4      | Found Opreubuh's Assorted Antiques.
  3759 | D:5      | Entered Level 5 of the Dungeon
  3759 | D:5      | Found a staircase to the Ecumenical Temple.
  3910 | D:5      | Reached skill level 7 in Staves
  4140 | D:5      | Reached XP level 8. HP: 68/71 MP: 7/7
  4572 | D:6      | Reached skill level 8 in Staves
  5156 | D:7      | Reached skill level 9 in Staves
  5300 | D:7      | Found a shadowy altar of Dithmenos.
  5300 | D:7      | Noticed an oklob plant
  5305 | D:7      | Reached skill level 10 in Staves
  5320 | D:7      | Killed an oklob plant
  5320 | D:7      | Reached XP level 9. HP: 28/79 MP: 8/8
  5332 | D:7      | Reached skill level 11 in Staves
  5822 | D:7      | Found Paqav's Armour Boutique.
  6218 | D:8      | Noticed a two-headed ogre
  6227 | D:8      | Killed a two-headed ogre
  6227 | D:8      | Reached skill level 12 in Staves
  6227 | D:8      | Reached skill level 5 in Armour
  6320 | D:8      | Noticed a two-headed ogre
  6332 | D:8      | Reached ***** piety under Trog
  6343 | D:8      | Killed a two-headed ogre
  6343 | D:8      | Reached skill level 13 in Staves
  6343 | D:8      | Reached XP level 10. HP: 70/88 MP: 9/9
  6621 | D:8      | Found a glowing silver altar of Zin.
  6912 | D:8      | Noticed Joseph
  6922 | D:8      | Killed Joseph
  7114 | D:8      | Reached skill level 14 in Staves
  7363 | D:9      | Received a gift from Trog
  7827 | D:9      | Found a glowing silver altar of Zin.
  7874 | D:9      | Noticed a purple ugly thing
  7874 | D:9      | Noticed a cyclops
  7874 | D:9      | Noticed a gargoyle
  7883 | D:9      | Noticed a centaur warrior
  7885 | D:9      | Noticed a centaur warrior
  8066 | D:9      | Found Falenythua's Assorted Antiques.
  8069 | D:9      | Bought a slimy tin amulet for 125 gold pieces
  8069 | D:9      | Identified the amulet "Cigego" {RegenMP -Tele rElec Str+2} (You bought it in a shop on level 9 of the Dungeon)
  8127 | D:9      | Found a staircase to the Lair.
  8229 | D:9      | Found a staircase to the Orcish Mines.
  8445 | D:9      | Killed a purple ugly thing
  8464 | D:9      | Killed a centaur warrior
  8464 | D:9      | Reached skill level 15 in Staves
  8464 | D:9      | Reached XP level 11. HP: 84/97 MP: 10/10
  8482 | D:9      | Killed a centaur warrior
  8509 | D:9      | Mangled by a cyclops

Vault maps used:
D:1:      roderic_dead_forest, due_unseen_surprise
D:2:      minmay_liquid_box, elyvilon_altar_5, uniq_natasha,
          uniq_crazy_yiuf_cottage
D:3:      roderic_batcave
D:4:      portal_sewer_entry_e, first_bread, enter_ossuary_5,
          minmay_shop_grid_forest
D:5:      temple_pool_b, grunt_ministairs_15
D:6:      lightli_corner_chamber
D:7:      serial_shops, shop, lemuel_oklob_altar
D:8:      basic_altar, the_bakery, uniq_joseph
D:9:      nicolae_overflow_crystal_walls, lair_entry_dummy, david_orc_4,
          serial_shops, kennysheep_mini, minivault_12
Sewer:    sewer_kobolds
Ossuary:  ossuary_crypta

Skill      XL: |  1  2  3  4  5  6  7  8  9 10 |
---------------+-------------------------------+-----
Fighting       | 4 5 6 7 8 9 |  9.7
Long Blades    | 4 |  4.2
Short Blades   | 1 2 |  2.0
Dodging        | 3 4 |  4.9
Staves         | 2 4 7 10 13 15 | 15.2
Armour         | 3 4 5 7 |  7.8
Evocations     | |  0.2

Action                   |  1- 3 |  4- 6 |  7- 9 | 10-12 || total
-------------------------+-------+-------+-------+-------++-------
Melee: Falchion          |    34 |       |       |       ||    34
       Headbutt          |     6 |    18 |    39 |    41 ||   104
       Short sword       |    30 |    17 |       |       ||    47
       Quarterstaff      |       |    66 |   259 |   180 ||   505
       Hand axe          |       |       |       |     3 ||     3
Invok: Berserk           |     2 |     2 |     2 |     1 ||     7
       Burn Spellbooks   |       |     1 |       |       ||     1
Evoke: Wand              |       |       |       |     2 ||     2
  Use: Scroll            |       |       |       |    26 ||    26
       Potion            |       |       |       |     7 ||     7
 Stab: Paralysed         |       |       |     3 |       ||     3
       Confused          |       |       |     3 |       ||     3
  Eat: Chunk             |     1 |     3 |     7 |     6 ||    17
       Meat ration       |       |     1 |       |       ||     1
       Bread ration      |       |       |     1 |     1 ||     2
       Royal jelly       |       |       |       |     1 ||     1
Armor: Animal skin       |     8 |     1 |       |       ||     9
       Chain mail        |       |    38 |    91 |    50 ||   179
       Plate armour      |       |       |       |    25 ||    25
Dodge: Dodged            |    54 |    63 |    95 |    57 ||   269
       Rpst.: Falchion   |    12 |       |       |       ||    12

Table legend:
 A = Spawn XP
 B = Non-spawn XP
 C = Spawn XP percentage of total XP
 D = Spawn monster count
 E = Non-spawn monster count
 F = Spawn count percentage of total count
 G = Total turns spent on level
                    A         B        C        D         E        F      G
               +---------+---------+-------+---------+---------+-------+---------
         Total |       0 |   12704 |   0.0 |       0 |     241 |   0.0 |  8509
               +---------+---------+-------+---------+---------+-------+---------
           D:1 |       0 |      42 |   0.0 |       0 |      22 |   0.0 |   863
           D:2 |       0 |     195 |   0.0 |       0 |      16 |   0.0 |   978
           D:3 |       0 |     258 |   0.0 |       0 |      27 |   0.0 |   800
           D:4 |       0 |     387 |   0.0 |       0 |      21 |   0.0 |   755
           D:5 |       0 |     303 |   0.0 |       0 |      15 |   0.0 |   687
           D:6 |       0 |     402 |   0.0 |       0 |      19 |   0.0 |   688
           D:7 |       0 |    1748 |   0.0 |       0 |      24 |   0.0 |  1069
           D:8 |       0 |    4085 |   0.0 |       0 |      40 |   0.0 |   980
           D:9 |       0 |    4989 |   0.0 |       0 |      37 |   0.0 |  1326
         Sewer |       0 |     128 |   0.0 |       0 |      10 |   0.0 |   163
       Ossuary |       0 |     167 |   0.0 |       0 |      10 |   0.0 |   200
               +---------+---------+-------+---------+---------+-------+---------
